 Dungeon Crawl Stone Soup version 0.29-a0-284-gf9362112df (webtiles) character file.

Game seed: 6476721559423076299

19 spiderkeys the Skirmisher (level 2, 0/26 HPs)
             Began as a Draconian Abyssal Knight on Mar 26, 2022.
             Was a Believer of Lugonu.
             Succumbed to an adder's poison
             ... on level 2 of the Dungeon.
             The game lasted 00:00:52 (701 turns).

spiderkeys the Skirmisher (Draconian Abyssal Knight) Turns: 701, Time: 00:00:53

Health: 0/26       AC:  5    Str: 12 (15) XL:     2   Next: 55%
Magic:  3/3        EV: 12    Int:  8 (10) God:    Lugonu [**....]
Gold:   53         SH:  0    Dex:  9 (11) Spells: 1/1 levels left

rFire   . . .      SeeInvis .   a - +1 spear
rCold   . . .      Faith    .   (no shield)
rNeg    . . .      Spirit   .   (body armour unavailable)
rPois   .          Reflect  .   (helmet restricted)
rElec   .          Harm     .   (no cloak)
rCorr   .          Rampage  .   (no gloves)
Will    .....                   b - +0 pair of boots
Stlth   +.........              (no amulet)
HPRegen 0.08/turn               Z - ring of wizardry
MPRegen 0.08/turn               (no ring)

@: mighty, lethally poisoned (0 -> -6)
A: AC +4, unfitting armour, cold-blooded
a: Renounce Religion, Depart the Abyss, Bend Space


You were on level 2 of the Dungeon.
You worshipped Lugonu.
Lugonu was pleased with you.
You visited 1 branch of the dungeon, and saw 2 of its levels.
You visited the Abyss 1 time.

You collected 53 gold pieces.


Innate Abilities, Weirdness & Mutations

Your plain brown scales are hard. (AC +4)
You cannot fit into any form of body armour.
You are cold-blooded and may be slowed by cold attacks.


   Skills:
 + Level 3.5 Fighting
 + Level 2.3 Polearms
 + Level 2.4 Dodging
 + Level 2.3 Invocations


You had one spell level left.
You didn't know any spells.
Your spell library was empty.

Inventory:

Hand Weapons
 a - a +1 spear (weapon)
Missiles
 c - 16 stones
Armour
 b - a +0 pair of boots (worn)
   (You found it on level 1 of the Dungeon)
Jewellery
 Z - a ring of wizardry (left hand)
   (You found it on level 1 of the Dungeon)
Scrolls
 e - a scroll of fog
 g - a scroll of identify {@r1}
Potions
 d - a potion of might

Dungeon Overview and Level Annotations

Branches:
Dungeon (2/15)

Altars:

### . .. ... #.
#..#K###############
#...BS@............#
#....#############.####
#.... ............
#...# #######.#### #...
#.# #### #.# #.# #.#
#.#


You could see an adder, a giant cockroach and a kobold.


Message History

There is a stone staircase leading down here.
You climb downwards.
There is a stone staircase leading up here.
As you read the scroll labelled GIEKAE ANIE, it crumbles to dust.
It is a scroll of identify.
e - a scroll of fog An endoplasm comes into view.
A rat comes into view.
The endoplasm quivers.
You reach to attack!
You completely miss the endoplasm. You barely miss the endoplasm.
The endoplasm barely misses you.
You hit the endoplasm.
You kill the endoplasm!
Lugonu accepts your kill.
You hit the rat. You tail-slap the rat.
You kill the rat!
Lugonu accepts your kill.
No target in view!
No target in view!
No target in view!
A goblin comes into view. It is wielding a +0 dagger.
The goblin shouts!
You hear an angry hiss.
You hear a shout!
A goblin is nearby!
A goblin is nearby!
An adder comes into view.
The adder hisses angrily.
The adder moves out of view.
You reach to attack!
You hit the goblin.
You kill the goblin!
Lugonu accepts your kill.
A giant cockroach comes into view.
You closely miss the adder. The adder barely misses you.
The adder closely misses you.
You closely miss the adder. The adder bites you.
You are poisoned.
The adder poisons you!
The giant cockroach barely misses you. 😕 HP[-2]
You take 2 damage, and now have 24/26 hp.
You feel sick.
A kobold comes into view. It is wielding a +0 dagger. 😕 HP[-1]
You take 1 damage, and now have 23/26 hp.
You closely miss the adder.
You feel sick. The adder barely misses you. The adder bites you.
You are more poisoned.
The adder poisons you!
You closely miss the adder.
You tail-slap the adder, but do no damage.
You feel sick. The adder misses you. 😮 HP[-6]
You take 6 damage, and now have 17/26 hp.
MASSIVE DAMAGE!! (PAUSE)
You barely miss the adder.
You feel sick.
The adder bites you but does no damage. 😮 HP[-2]
You take 2 damage, and now have 15/26 hp.
You barely miss the adder.
Your tail-slap misses the adder.
You feel sick. The adder barely misses you. 😮 HP[-1]
You take 1 damage, and now have 14/26 hp.
You miss the adder.
You feel sick. The adder barely misses you.
The adder bites you but does no damage. 😨 HP[-1]
You take 1 damage, and now have 13/26 hp.
You hit the adder.
You feel sick.
The adder completely misses you. 😨 HP[-1]
You take 1 damage, and now have 12/26 hp.
You miss the adder.
You feel sick.
The adder bites you but does no damage. 😨 HP[-1]
You take 1 damage, and now have 11/26 hp.
You hit the adder.
You feel sick. The adder bites you.
* * * LOW HITPOINT WARNING * * *
You are more poisoned.
The adder poisons you!
The adder bites you but does no damage. 😨 HP[-2]
You take 2 damage, and now have 9/26 hp.
You closely miss the adder.
You feel sick. The adder barely misses you. 😨 HP[-1]
You take 1 damage, and now have 8/26 hp.
You hit the adder.
Your tail-slap misses the adder.
You feel sick. The adder closely misses you. 😨 HP[-1]
You take 1 damage, and now have 7/26 hp.
You hit the adder.
Your tail-slap misses the adder.
You feel sick. The adder bites you.
* * * LOW HITPOINT WARNING * * *
You are more poisoned.
The adder poisons you! 😱 HP[-4]
You take 4 damage, and now have 3/26 hp.
It was a potion of might.
You feel very mighty all of a sudden.
* * * LOW HITPOINT WARNING * * *
You feel sick. The adder bites you but does no damage.
The adder misses you. 😱 HP[-2]
You take 2 damage, and now have 1/26 hp.
It was a potion of degeneration.
There was something very wrong with that liquid.
You feel weakened.
You feel dopey.
You feel clumsy.
You die...

Action                   || total
-------------------------++-------
Melee: Spear             ||    67
       Tailslap          ||     7
  Use: Potion            ||     2
       Scroll            ||     1
Armor: Skin              ||    20
Dodge: Dodged            ||    39

Levels and vault maps discovered:
D:1:      arrival_aquarium_b, layout_rooms, chequers_hall_statues_corner_a,
          grunt_decor_fettered
D:2:      layout_basic

Notes
Turn   | Place    | Note
-------+----------+-------------------------------------------
     0 | Abyss:1  | spiderkeys the Draconian Abyssal Knight began the quest for
                  | the Orb.
     0 | Abyss:1  | Reached XP level 1. HP: 19/19 MP: 2/2
     0 | Abyss:1  | magus.rc [v1.11.3]
     5 | D:1      | You pass through the gate.
     5 | D:1      | Escaped the Abyss
     9 | D:1      | Noticed an electric eel
    10 | D:1      | Noticed an electric eel
   340 | D:1      | Reached XP level 2. HP: 26/26 MP: 3/3
   699 | D:2      | HP: 6/26 [poisoned by an adder]
   700 | D:2      | HP: 1/26 [poisoned by an adder]
   701 | D:2      | Succumbed to an adder's poison

Vanquished Creatures
  A dart slug (D:1)
  An endoplasm (D:2)
  4 goblins
  A hobgoblin (D:1)
  A ball python (D:1)
  2 bats (D:1)
  2 frilled lizards (D:1)
  6 kobolds (D:1)
  A rat (D:2)
19 creatures vanquished.

Table legend:
 A = Non-vault XP
 B = Vault XP
 C = Vault XP percentage of total XP
 D = Non-vault monster count
 E = Vault monster count
 F = Vault count percentage of total count
                 A         B        C        D         E       F
            +---------+---------+-------+---------+---------+-------
      Total |      28 |       0 |   0.0 |      19 |       0 |   0.0
            +---------+---------+-------+---------+---------+-------
        D:1 |      23 |       0 |   0.0 |      16 |       0 |   0.0
        D:2 |       5 |       0 |   0.0 |       3 |       0 |   0.0
            +---------+---------+-------+---------+---------+-------

Illustrated notes

Table legend:
 A = Kills in this place as a percentage of kills in entire the game.
 B = Kills by you in this place as a percentage of kills by you in the entire game.
 C = Kills by friends in this place as a percentage of kills by friends in the entire game.
 D = Other kills in this place as a percentage of other kills in the entire game.
 E = Experience gained in this place as a percentage of experience gained in the entire game.
 F = Experience gained in this place divided by the number of levels of this place that you have seen.
                   A       B       C       D       E      F
               +-------+-------+-------+-------+-------+----------------------
         Total | 100.0 | 100.0 |   N/A |   N/A | 100.0 |   9.3
       Dungeon | 100.0 | 100.0 |   N/A |   N/A | 100.0 |  14.0
               +-------+-------+-------+-------+-------+----------------------

Table legend: (Time is in decaauts)
 A = Elapsed time spent in this place.
 B = Non-inter-level travel time spent in this place.
 C = Inter-level travel time spent in this place.
 D = Time resting spent in this place.
 E = Time spent auto-exploring this place.
 F = Levels seen in this place.
 G = Mean time per level.
                   A        B        C        D        E       F      G
               +--------+--------+--------+--------+--------+-----+--------+
         Total |    699 |    698 |      1 |      0 |    564 |   3 |  233.0 |
       Dungeon |    694 |    693 |      1 |      0 |    563 |   2 |  347.0 |
         Abyss |      5 |      5 |      0 |      0 |      1 |   1 |    5.0 |
               +--------+--------+--------+--------+--------+-----+--------+

Top non-repeatable levels by time:
     D:1: 640 daAuts
     D:2: 54 daAuts
 Abyss:1: 5 daAuts
